 Dungeon Crawl Stone Soup version 0.21-a0-19-g210df22 (webtiles) character file.

31 Manul the Ducker (level 3, -34/20 HPs)
             Began as a Spriggan Abyssal Knight on May 24, 2017.
             Was a Follower of Lugonu.
             Annihilated by a tentacled starspawn (39 damage)
             ... on level 2 of the Abyss.
             The game lasted 00:01:56 (222 turns).

Manul the Ducker (Spriggan Abyssal Knight)           Turns: 222, Time: 00:01:57

Health: -34/20     AC:  2    Str:  8    XL:     3   Next: 7%
Magic:  5/5        EV: 19    Int: 13    God:    Lugonu [*.....]
Gold:   42         SH:  0    Dex: 16    Spells: 2/2 levels left

rFire    . . .     SeeInvis +   a - +1 short sword
rCold    . . .     Gourm    .   (shield restricted)
rNeg     . . .     Faith    .   b - +0 robe
rPois    .         Spirit   .   (helmet restricted)
rElec    .         Reflect  .   (no cloak)
rCorr    .         Harm     .   (gloves unavailable)
MR       .....                  (boots unavailable)
Stlth    ++........             (no amulet)
Regen    0.1/turn               (no ring)
MPRegen  0.1/turn               (no ring)

@: very quick
A: unfitting armour, see invisible, herbivore 3, speed 3, slow metabolism 2
a: Depart the Abyss, Renounce Religion


You were on level 2 of the Abyss.
You worshipped Lugonu.
Lugonu was aware of your devotion.
You were not hungry.

You visited 0 branches of the dungeon, and saw 0 of its levels.
You visited the Abyss 1 time.

You collected 42 gold pieces.

Inventory:

Hand Weapons
 a - a +1 short sword (weapon)
Armour
 b - a +0 robe (worn)
Wands
 e - a wand of confusion (27/48)
 f - a wand of random effects (12/48)
Books
 g - a book of Unlife

   Spells                             Type                      Level
   a - Recall                         Summoning/Translocation      3
   b - Animate Dead                   Necromancy                   4
   c - Control Undead                 Necromancy                   4
   d - Cigotuvi's Embrace             Necromancy                   5
   e - Death Channel                  Necromancy                   6
   f - Simulacrum                     Ice/Necromancy               6
Comestibles
 c - a bread ration
 d - a royal jelly


   Skills:
 + Level 3.2 Fighting
 - Level 2.1 Short Blades
 - Level 3.5 Dodging
 + Level 1.4 Stealth
 - Level 1.7 Invocations
 + Level 1.0 Evocations


You had 2 spell levels left.
You didn't know any spells.

Dungeon Overview and Level Annotations

Branches:
Dungeon (0/15)

Altars:


Innate Abilities, Weirdness & Mutations

You are very small and have problems with some larger weapons.
You are too small for most types of armour.
You have supernaturally acute eyesight. (SInv)
You are a herbivore.
You cover ground extremely quickly.
You need consume almost no food.


Message History

A spatial vortex comes into view.
The spatial vortex moves out of view.
A spatial vortex comes into view.
The spatial vortex moves out of view.
A spatial vortex comes into view.
You start resting.
Okay, then.
Okay, then.
You aren't carrying any potions.
Okay, then.
Evoke which item? (* to show all) (? for menu, Esc to quit)
Aiming: Random Effects (will waste charges)
Press: ? - help, Shift-Dir - straight line, f - tentacled starspawn
Aim: a tentacled starspawn The bolt of poison hits the tentacled starspawn.
The tentacled starspawn completely resists.
Evoking this partially-identified wand wasted a few charges.
The tentacled starspawn bites you!!!
Ouch! That really hurt!
You die...

. .#.# .
.V... . #
..#. . . ....
# #.# .# ## .
. . v #.
#.####. # .#.
.
.v.......#.##
# ... .# # ..
# .## .#.##
#.#.... . ##
# . #....
.##X# .#..
..# ##@##
.....#..# ###
. ...#.
.......
###... #. #


You could see a tentacled starspawn.

Vanquished Creatures
  A quasit (Abyss:2)
1 creature vanquished.

Vanquished Creatures (others)
  2 starspawn tentacles (Abyss:2)
2 creatures vanquished.

Grand Total: 3 creatures vanquished

Notes
Turn   | Place    | Note
-------+----------+-------------------------------------------
     0 | Abyss:1  | Manul the Spriggan Abyssal Knight began the quest for the Orb.
     0 | Abyss:1  | Reached XP level 1. HP: 11/11 MP: 3/3
    20 | Abyss:1  | Found an opulent altar of Gozag.
    58 | Abyss:2  | Noticed a smoke demon
    71 | Abyss:2  | Noticed a soul eater
    75 | Abyss:2  | Noticed a chaos spawn
    94 | Abyss:2  | Noticed a raiju
   133 | Abyss:2  | Noticed a bone dragon
   133 | Abyss:2  | Noticed a small abomination
   138 | Abyss:2  | Found a bloodstained altar of Trog.
   150 | Abyss:2  | Noticed a quasit
   177 | Abyss:2  | Noticed a tentacled starspawn
   183 | Abyss:2  | Killed a quasit
   183 | Abyss:2  | Reached skill level 1 in Stealth
   183 | Abyss:2  | Reached skill level 1 in Evocations
   183 | Abyss:2  | Reached XP level 2. HP: 5/16 MP: 4/4
   183 | Abyss:2  | Reached XP level 3. HP: 6/20 MP: 5/5
   192 | Abyss:2  | Noticed a spatial vortex
   193 | Abyss:2  | Noticed a spatial vortex
   194 | Abyss:2  | Noticed a spatial vortex
   222 | Abyss:2  | Annihilated by a tentacled starspawn

Vault maps used:
Abyss:1:  eino_small_chamber_without_monster
Abyss:2:  hangedman_abyss_town, minivault_5

Skill      XL: |  1 |
---------------+----+-----
Fighting       | 3 |  3.2
Stealth        | 1 |  1.4
Evocations     | 1 |  1.0
Short Blades   | |  2.1
Dodging        | |  3.5
Invocations    | |  1.7

Action                   || total
-------------------------++-------
Melee: Short sword       ||    10
Evoke: Wand              ||     4
  Use: Scroll            ||     2
 Stab: Confused          ||     3
Armor: Robe              ||     3
Dodge: Dodged            ||    14
